 Dungeon Sprint DCSS version 0.21.1-1-g345015fe64 (webtiles) character file.

671 Jannitor the Grappler (level 7, -3/80 HPs)
             Began as a Troll Monk on June 4, 2018.
             Was the Champion of Jiyva.
             Slain by a demonic crawler (5 damage)
             ... in the Dungeon (Sprint I: "Red Sonja").
             The game lasted 00:01:40 (328 turns).

Jannitor the Grappler (Troll Monk)                   Turns: 328, Time: 00:01:41

Health: -3/80      AC:  6    Str: 22    XL:     7   Next: 32%
Magic:  3/6        EV: 15    Int:  6    God:    Jiyva [******]
Gold:   297        SH:  0    Dex: 12    Spells: 6/6 levels left

rFire    + . .     SeeInvis .     - Unarmed
rCold    . . .     Gourm    +   (no shield)
rNeg     . . .     Faith    .   a - +0 robe
rPois    .         Spirit   .   (helmet restricted)
rElec    .         Reflect  .   (no cloak)
rCorr    +         Harm     .   (gloves unavailable)
MR       .....     NoTele   +   (boots unavailable)
Stlth    +.........             (no amulet)
HPRegen  0.63/turn              (no ring)
MPRegen  0.10/turn              (no ring)

@: slimy
A: large, unfitting armour, claws 3, hooves 1, blink, fire resistance 1, fast
metabolism 3, gourmand, sense surroundings 1, regeneration 1, shaggy fur 1,
tough skin 2, gelatinous body 1
a: Blink, Request Jelly, Slimify, Cure Bad Mutation, Renounce Religion


You were in the Dungeon.
You worshipped Jiyva.
Jiyva was exalted by your worship.
You were completely stuffed.

You visited 1 branch You collected 297 gold pieces.

Inventory:

Armour
 a - a +0 robe (worn)
Potions
 f - 2 potions of magic
Comestibles
 b - 3 rations
 i - 5 chunks of flesh


   Skills:
 + Level 8.2 Fighting
 + Level 8.2 Dodging
 - Level 1.0 Stealth
 + Level 9.8 Unarmed Combat


You had 6 spell levels left.
You didn't know any spells.

Dungeon Overview and Level Annotations

Branches:
Dungeon (1/1)

Altars:
Cheibriados
Dithmenos
Elyvilon
Fedhas
Gozag
Hepliaklqana
Kikubaaqudgha
Makhleb
Okawaru
Qazlal
Ru
Sif Muna
Trog
Uskayaw
Vehumet
Wu Jian
Xom
Yredelemnul
Zin
The Shining One
Jiyva
Lugonu

Shops:
D [


Innate Abilities, Weirdness & Mutations

You are too large for most types of armour.
You have claws for hands.
Your metabolism is lightning-fast.
You like to eat raw meat.
Your natural rate of healing is unusually fast.
You are covered in fur. (AC +1)
You have very tough skin. (AC +2)
You have large cloven feet.
You can translocate small distances at will.
Your flesh is heat resistant. (rF+)
You passively map a small area around you.
Your rubbery body absorbs attacks. (AC +1, EV +1)


Message History

* * * LOW HITPOINT WARNING * * *
It was a potion of cancellation.
Your magical effects are unravelling.
You feel magically purged.
Your magical contamination has completely faded away.
You feel yourself slow down.
Unknown command.
You feel better. The demonic crawler hits you.
* * * LOW HITPOINT WARNING * * *
The demonic crawler hits you!
* * * LOW HITPOINT WARNING * * *
The demonic crawler misses you.
Unknown command.
The demonic crawler misses you.
The demonic crawler hits you but does no damage. x2
There is a staircase leading out of the dungeon here.
Unknown command.
Are you sure you want to leave the Dungeon?
This will make you lose the game! The demonic crawler hits you.
You die...

##################
#@s#..').#..'s.#__
#.ss[.#..'s.#..s.s
#..#####'#####'#__
#..# #..#...#.###
#..#__####..##.#§§
#..#_____##'#_.§≈≈
#⌠⌠#_.∩...'...c#§§
####_..__##_.#.##.
#_____ ##+#.# .


You could see 3 demonic crawlers.

Vanquished Creatures
  A demonic crawler (D)
  Sigmund (D)
  A yak (D)
  An ogre (D)
  Ijyb (D)
5 creatures vanquished.

Vanquished Creatures (others)
  2 kobold demonologists (D)
  A slime creature (D)
  A floating eye (D)
  7 jellies (D)
11 creatures vanquished.

Grand Total: 16 creatures vanquished

Notes
Turn   | Place    | Note
-------+----------+-------------------------------------------
     0 | D        | Jannitor the Troll Monk began the quest for the Orb.
     0 | D        | Reached XP level 1. HP: 22/22 MP: 0/0
     1 | D        | Noticed Ijyb
     7 | D        | Killed Ijyb
     7 | D        | Reached skill level 4 in Unarmed Combat
     7 | D        | Reached XP level 2. HP: 31/31 MP: 1/1
     8 | D        | Noticed an ogre
    11 | D        | Killed an ogre
    11 | D        | Reached skill level 5 in Fighting
    11 | D        | Reached skill level 5 in Dodging
    11 | D        | Reached skill level 6 in Unarmed Combat
    11 | D        | Reached XP level 3. HP: 42/42 MP: 2/2
    11 | D        | Reached XP level 4. HP: 50/50 MP: 3/3
    57 | D        | Noticed Sigmund
    76 | D        | Killed Sigmund
    76 | D        | Reached skill level 7 in Unarmed Combat
    76 | D        | Reached XP level 5. HP: 35/61 MP: 4/4
    76 | D        | Reached XP level 6. HP: 39/68 MP: 5/5
   245 | D        | Found a burning altar of Makhleb.
   245 | D        | Found a viscous altar of Jiyva.
   245 | D        | Found a shimmering altar of Xom.
   245 | D        | Found a corrupted altar of Lugonu.
   245 | D        | Noticed a slime creature
   248 | D        | Became a worshipper of Jiyva Jagun the Shapeless
   248 | D        | Reached * piety under Jiyva
   248 | D        | Reached ** piety under Jiyva
   250 | D        | Found an ornate altar of the Wu Jian Council.
   250 | D        | Found a deep blue altar of Sif Muna.
   252 | D        | Found a radiant altar of Vehumet.
   256 | D        | Reached *** piety under Jiyva
   258 | D        | Found Inniqum's Armour Emporium.
   258 | D        | Found an ancient bone altar of Kikubaaqudgha.
   258 | D        | Found a hazy altar of Hepliaklqana.
   258 | D        | Found a stormy altar of Qazlal.
   258 | D        | Found a hide-covered altar of Uskayaw.
   258 | D        | Found a blossoming altar of Fedhas.
   258 | D        | Found a bloodstained altar of Trog.
   258 | D        | Found an iron altar of Okawaru.
   258 | D        | Found a basalt altar of Yredelemnul.
   258 | D        | Found a glowing golden altar of the Shining One.
   258 | D        | Found a snail-covered altar of Cheibriados.
   258 | D        | Found a sacrificial altar of Ru.
   258 | D        | Found a glowing silver altar of Zin.
   258 | D        | Found a shadowy altar of Dithmenos.
   258 | D        | Found a white marble altar of Elyvilon.
   258 | D        | Noticed a yak
   258 | D        | Gained mutation: You can translocate small distances at will. [Jiyva's grace]
   258 | D        | Reached **** piety under Jiyva
   261 | D        | Killed a yak
   261 | D        | Reached skill level 8 in Unarmed Combat
   261 | D        | Gained mutation: Your rubbery body absorbs attacks. (AC +1, EV +1) [Jiyva's grace]
   262 | D        | Found an opulent altar of Gozag.
   266 | D        | Reached ***** piety under Jiyva
   267 | D        | Gained mutation: Your flesh is heat resistant. (rF+) [Jiyva's grace]
   270 | D        | Gained mutation: You are weak. (Str -2) [Jiyva's grace]
   271 | D        | Lost mutation: You are weak. (Str -2) [Jiyva's grace]
   272 | D        | Reached ****** piety under Jiyva
   276 | D        | Killed a floating eye
   276 | D        | Gained mutation: You have large cloven feet. [Jiyva's grace]
   277 | D        | Killed a kobold demonologist
   282 | D        | Gained mutation: You passively map a small area around you. [Jiyva's grace]
   283 | D        | Noticed a centaur warrior
   284 | D        | Noticed a centaur warrior
   284 | D        | Noticed a deep troll
   289 | D        | Killed a kobold demonologist
   293 | D        | Killed a slime creature
   296 | D        | Noticed a demonic crawler
   296 | D        | Noticed a demonic crawler
   296 | D        | Noticed a demonic crawler
   296 | D        | Noticed a demonic crawler
   322 | D        | Killed a demonic crawler
   322 | D        | Reached skill level 9 in Unarmed Combat
   322 | D        | Reached XP level 7. HP: 32/80 MP: 2/6
   326 | D        | HP: 1/80 [demonic crawler (10)]
   328 | D        | Slain by a demonic crawler

Skill      XL: |  1  2  3  4  5  6 |
---------------+-------------------+-----
Fighting       | 3 5 6 8 |  8.2
Dodging        | 3 5 6 8 |  8.2
Unarmed Combat | 4 6 7 9 |  9.8
Stealth        | |  1.0

Action                   |  1- 3 |  4- 6 |  7- 9 || total
-------------------------+-------+-------+-------++-------
Melee: Unarmed           |     4 |    21 |     2 ||    27
       Punch             |     1 |     1 |     1 ||     3
       Kick              |       |     6 |     2 ||     8
Invok: Slimify           |       |     1 |       ||     1
  Use: Potion            |     1 |     2 |     2 ||     5
       Scroll            |       |     1 |       ||     1
  Eat: Chunk             |       |     1 |       ||     1
Armor: Robe              |     1 |     6 |     2 ||     9
Dodge: Dodged            |     2 |    26 |     3 ||    31
